Map: Data-C

Players

Baller - Winner!

  • Race: Zerg Zerg
  • League: Silver
  • Spawn Location: 3:00

DESTRUCTOR

  • Race: Terran Terran
  • League: Bronze
  • Spawn Location: 9:00

VOD

Have the link to the VOD?

Description

Time

  • Played on: Sept. 22, 2022, 9:55 a.m.
  • Length: 25:34
Show
View Real Time Build Order
Export as new Build Order

Baller Zerg - Winner!

Build Orders: Hatch First, Zergling Baneling 

Get SALT Encoding   

  12  0:01  Drone  
  13  0:18  Drone  
  13  0:21  Overlord  
  14  0:26  Extractor, Drone  
  14  0:39  Drone  
  14  0:41  Drone  
  16  0:59  Hatchery  
  16  1:02  Drone  
  16  1:05  Drone  
  17  1:21  Spawning Pool  
  16  1:26  Drone  
  16  1:27  Drone  
  18  1:45  Drone  
  18  1:46  Drone  
  20  2:08  Queen  
  20  2:11  Queen  
  20  2:13  Overlord  
  24  2:23  Metabolic Boost  
  24  2:25  Zergling x4  
  24  2:26  Zergling x2  
  28  2:37  Drone x3  
  28  2:39  Drone  
  31  2:48  Zergling x2  
  31  3:00  Zergling x6  
  34  3:13  Spine Crawler  
  34  3:14  Drone x2  
  34  3:15  Spine Crawler  
  34  3:25  Baneling Nest  
  33  3:28  Drone x4, Extractor  
  33  3:30  Overlord  
  33  3:31  Overlord  
  36  3:47  Overlord  
  36  3:48  Queen  
  38  3:59  Zergling x2  
  38  4:00  Zergling x8  
  43  4:04  Drone  
  43  4:08  Extractor  
  43  4:12  Baneling x5  
  43  4:13  Baneling x4  
  43  4:16  Zergling x2  
  44  4:18  Zergling x2  
  44  4:37  Zergling x10  
  44  4:38  Zergling x2  
  40  4:42  Lair  
  40  4:46  Drone x2  
  40  4:51  Spore Crawler  
  41  4:53  Drone  
  41  4:55  Drone  
  43  5:04  Queen  
  43  5:05  Drone  
  46  5:17  Drone, Evolution Chamber  
  46  5:19  Drone, Evolution Chamber  
  46  5:36  Drone x6  
  46  5:40  Extractor  
  51  5:47  Zergling x6  
  54  5:53  Zerg Melee Weapons Level 1  
  54  5:54  Zerg Ground Armor Level 1  
  54  5:58  Spore Crawler  
  53  6:07  Drone x3  
  53  6:08  Drone  
  53  6:09  Drone x2  
  59  6:16  Centrifugal Hooks  
  59  6:29  Baneling x3  
  59  6:30  Baneling x6  
  59  6:31  Baneling x4  
  59  6:32  Zergling x2, Baneling  
  60  6:35  Overlord  
  60  6:40  Overseer  
  60  6:45  Pneumatized Carapace  
  60  6:55  Zergling x2  
  60  6:56  Zergling x8  
  65  7:05  Burrow  
  65  7:09  Drone x2  
  65  7:10  Drone  
  65  7:13  Spire  
  67  7:18  Zergling x2  
  68  7:24  Overlord x3  
  68  7:40  Overlord x2  
  68  7:53  Roach Warren  
  45  8:44  Drone x5  
  45  8:45  Drone x6  
  48  9:10  Mutalisk x5  
  48  9:11  Mutalisk x5  
  68  9:19  Hatchery  
  63  9:44  Hatchery  
  34  10:34  Drone  
  35  11:09  Drone x4  
  35  11:10  Drone  
  40  11:14  Drone x5  
  40  11:15  Drone  
  40  11:33  Drone  
  40  11:34  Drone  
  38  11:50  Spawning Pool  
  37  11:54  Extractor  
  37  11:55  Extractor  
  19  12:11  Drone  
  19  12:12  Drone x2  
  21  12:56  Hatchery  
  20  13:07  Drone  
  21  13:28  Drone  
  22  13:40  Drone x2  
  24  13:55  Drone  
  17  14:33  Drone x3  
  20  14:59  Drone  
  21  15:02  Drone  
  22  15:17  Drone  
  22  15:18  Drone  
  24  15:56  Hatchery  
  23  17:45  Spawning Pool  
  22  18:02  Hatchery  
  21  18:34  Hatchery  
  20  18:44  Spine Crawler  
  20  18:46  Spine Crawler  
  18  18:55  Drone x3  
  21  19:10  Spine Crawler  
  20  19:20  Spine Crawler  
  19  19:30  Drone x2  
  21  19:39  Drone x2  
  23  19:46  Drone  
  24  20:13  Drone x2  
  24  20:14  Drone x5  
  31  20:25  Lair  
  31  20:28  Drone  
  32  20:32  Extractor, Drone  
  32  21:00  Drone  
  32  21:01  Drone x8  
  41  21:07  Queen  
  43  21:11  Drone  
  44  21:22  Baneling Nest  
  44  21:24  Zergling x8  
  47  21:28  Extractor  
  47  21:29  Extractor  
  47  21:30  Drone  
  46  21:42  Queen  
  48  21:54  Hatchery  
  47  21:58  Drone x4  
  47  21:59  Drone x5  
  56  22:05  Queen  
  58  22:23  Extractor  
  58  22:28  Zergling x10  
  58  22:29  Zergling x2  
  63  22:32  Drone  
  63  22:33  Drone x2  
  63  22:35  Drone x3  
  69  22:44  Hatchery  
  69  22:51  Drone  
  69  23:04  Spire  
  68  23:12  Queen  
  70  23:14  Drone  
  70  23:15  Queen  
  73  23:20  Drone x2  
  73  23:21  Drone x11  
  86  23:31  Zergling x4  
  86  23:33  Overlord x2  
  88  23:48  Overlord  
  88  23:49  Overlord x2  
  88  23:54  Drone  
  88  23:55  Drone x2, Extractor  
  91  23:59  Baneling x5  
  91  24:00  Baneling x12  
  91  24:01  Baneling  
  88  24:24  Zergling x14  
  95  24:34  Drone, Spine Crawler  
  95  24:35  Drone x10  
  95  24:36  Drone x4  
  105  25:00  Hatchery  
  102  25:09  Mutalisk, Baneling x16  
  130  25:17  Spore Crawler  
Show
View Real Time Build Order
Export as new Build Order

DESTRUCTOR Terran 

Build Orders:  

Get SALT Encoding   

  12  0:04  SCV  
  13  0:16  SCV  
  14  0:28  Supply Depot, SCV  
  15  0:50  SCV  
  16  0:57  Barracks  
  16  0:58  Barracks  
  16  1:02  SCV  
  17  1:14  SCV  
  18  1:19  Supply Depot  
  18  1:26  SCV  
  19  1:38  SCV  
  20  1:44  Marine  
  21  1:48  Marine  
  21  1:49  Barracks  
  21  1:51  Supply Depot, SCV  
  23  2:02  Marine  
  23  2:06  Marine  
  25  2:10  Barracks  
  25  2:15  SCV  
  25  2:20  Marine  
  27  2:24  Marine  
  27  2:28  SCV  
  29  2:36  Marine  
  30  2:38  Marine  
  30  2:40  SCV  
  30  2:41  Marine  
  33  2:47  Supply Depot  
  33  2:53  Marine  
  33  2:56  Marine  
  33  2:58  SCV  
  36  2:59  Marine  
  36  3:04  Marine  
  38  3:10  SCV  
  38  3:11  Marine  
  40  3:14  Marine  
  40  3:17  Supply Depot, Marine  
  42  3:22  Marine  
  42  3:25  Refinery  
  43  3:28  Refinery  
  43  3:29  Marine  
  44  3:40  SCV  
  45  3:43  Marine  
  45  3:44  Marine x2  
  45  3:47  Marine  
  49  3:54  Supply Depot  
  49  4:01  Marine x2  
  49  4:02  Marine  
  52  4:08  Marine  
  53  4:19  Marine x3, Factory  
  56  4:24  Supply Depot  
  56  4:25  Marine  
  47  4:39  Marine x2  
  47  4:40  Marine  
  47  4:43  Marine  
  51  4:47  Supply Depot  
  51  4:57  Marine x3  
  54  5:01  Marine  
  54  5:04  Factory Tech Lab  
  55  5:15  Marine x3  
  55  5:18  Supply Depot  
  55  5:20  Marine  
  59  5:27  Siege Tank  
  62  5:33  Marine x2  
  64  5:57  Marine  
  64  5:59  Marine, Siege Tank  
  69  6:13  Marine  
  69  6:15  Marine  
  69  6:17  Marine  
  72  6:31  Marine, Siege Tank  
  76  6:33  Marine  
  76  6:35  Marine  
  78  6:49  Marine  
  78  6:50  Marine  
  78  6:52  Marine  
  81  7:03  Siege Tank  
  81  7:06  Marine  
  85  7:08  Marine  
  85  7:09  Supply Depot  
  85  7:10  Marine  
  87  7:25  Infernal Pre-Igniter  
  87  7:30  Marine x3  
  87  7:35  Siege Tank  
  93  7:40  Supply Depot  
  93  7:46  Supply Depot  
  93  7:48  Marine x2  
  95  8:01  Marine  
  96  8:06  Marine x2  
  96  8:07  Siege Tank  
  101  8:19  Marine  
  102  8:23  Marine  
  91  8:44  Mag-Field Accelerator  
  91  8:45  Siege Tank  
  94  8:50  Marine x3  
  97  9:17  Siege Tank  
  95  9:50  Siege Tank  
  85  10:08  Marine x3  
  81  10:26  Marine x3  
  81  10:43  Marine  
  81  10:44  Marine x2  
  76  11:01  Marine  
  76  11:02  Marine x2  
  67  11:19  Marine x3  
  64  17:56  Supply Depot  
  64  18:20  Supply Depot  
  64  18:55  Supply Depot  
  64  19:18  Supply Depot  
  63  20:19  Supply Depot  
  63  20:43  Supply Depot  
  63  21:14  Supply Depot  
  63  21:41  Supply Depot  
  63  22:03  Marine, SCV  
  65  22:15  SCV  
  66  22:27  SCV  
  67  22:36  Supply Depot  
  67  22:39  SCV  
  68  22:51  SCV  
  69  23:03  SCV  
  69  23:05  Marine  
  71  23:15  SCV  
  72  23:22  Marine  
  73  23:28  SCV  
  74  23:40  Marine, SCV  
  76  23:52  Supply Depot, SCV  
  77  23:58  Marine  
  65  24:14  Supply Depot  
  65  24:16  Marine  
  61  24:34  Marine  
  62  24:51  Marine  
  58  25:09  Marine  
Tags
 
Matchup
TvZ
Spawn Locations
Cross Positions
Add a new tag
Caveats
  • Supply blocks, unpowered buildings, or Contaminate may cause inaccurate times.
  • Supply counts are checked every 10 seconds.